 Dungeon Crawl Stone Soup version 0.29.1-15-g9cfb28693d (webtiles) character file.

Game seed: 4318218814053033100

139 booth the Gusty (level 5, 0/38 HPs)
             Began as a Draconian Air Elementalist on Mar 1, 2023.
             Slain by Crazy Yiuf
             ... wielding a +3 quarterstaff of chaos
              (9 damage)
             ... on level 3 of the Dungeon.
             The game lasted 00:31:08 (3522 turns).

booth the Gusty (Draconian Air Elementalist)        Turns: 3522, Time: 00:31:08

Health: 0/38       AC:  5    Str: 10    XL:     5   Next: 1%
Magic:  8/9        EV: 12    Int: 18    God:
Gold:   151        SH:  0    Dex: 11    Spells: 2/9 levels left

rFire   . . .      SeeInvis .   c - +0 dagger
rCold   . . .      Faith    .   (no shield)
rNeg    + . .      Spirit   .   (body armour unavailable)
rPois   .          Reflect  .   (helmet restricted)
rElec   .          Harm     .   n - scarf {repulsion}
rCorr   .          Rampage  .   (no gloves)
Will    .....                   (no boots)
Stlth   ++........              (no amulet)
HPRegen 0.12/turn               m - ring of positive energy
MPRegen 0.11/turn               (no ring)

@: lethally poisoned (0 -> -17), swift (expiring), repel missiles, quick
A: AC +5, unfitting armour, cold-blooded
a: no special abilities


You were on level 3 of the Dungeon.
You visited 1 branch of the dungeon, and saw 3 of its levels.

You collected 151 gold pieces.

Inventory:

Hand Weapons
 c - a +0 dagger (weapon)
 e - a +0 mace
 o - a +0 war axe
Missiles
 b - 3 poisoned darts (quivered)
 f - 6 javelins
 g - 3 curare-tipped darts
 r - a throwing net
Armour
 j - a +2 kite shield
 n - a scarf of repulsion (worn)
 p - a +0 cloak
Jewellery
 m - a ring of positive energy (left hand)
Wands
 k - a wand of roots (11)
 t - a wand of flame (9)
Scrolls
 d - a scroll of enchant armour {unknown}
 i - a scroll of poison
 s - a scroll of fog {unknown}
Potions
 l - a potion of curing
 q - a potion of flight {unknown}


   Skills:
 + Level 0.5 Maces & Flails
 + Level 2.0 Dodging
 + Level 2.4 Stealth
 + Level 2.8 Spellcasting
 + Level 2.0 Conjurations
 + Level 0.1 Ice Magic
 * Level 4.1 Air Magic


You had 2 spell levels left.
You knew the following spells:

 Your Spells              Type           Power      Damage    Failure   Level
a - Shock                 Conj/Air       52%        1d6       4%          1
b - Static Discharge      Conj/Air       13%        3-5/arc   7%          2
c - Swiftness             Air            17%        N/A       9%          3
d - Sandblast             Erth           4%         2d4       17%         1

Your spell library contained the following spells:

 Spells                   Type           Power      Damage    Failure   Level
 Freeze                   Ice            12%        1d4       16%         1
 Passwall                 Tmut/Erth      1%         N/A       26%         2
 Airstrike                Air            8%         2d(2-18)  30%         4
 Stone Arrow              Conj/Erth      12%        3d7       32%         3
 Frozen Ramparts          Ice            6%         1d1       43%         3
 Ozocubu's Armour         Ice            3%         N/A       43%         3
 Hailstorm                Conj/Ice       6%         3d4       71%         4
 Metabolic Englaciation   Hex/Ice        1%         N/A       99%         5
 Simulacrum               Ice/Necr       1%         N/A       100%        6


Dungeon Overview and Level Annotations

Branches:
Dungeon (3/15)

Altars:
Ru

Annotations:
D:3 Crazy Yiuf


Innate Abilities, Weirdness & Mutations

Your plain brown scales are hard. (AC +5)
You cannot fit into any form of body armour.
You are cold-blooded and may be slowed by cold attacks.


Message History

Crazy Yiuf is moderately wounded.
Crazy Yiuf misses you.
Casting: Shock (safe; 4% risk of failure)
Confirm with . or Enter, or press ? or * to list all spells.
You don't have enough magic to cast this spell.
You hit Crazy Yiuf.
Crazy Yiuf is heavily wounded.
Crazy Yiuf yells, "Race!
Cholesterol Hive horse."
Crazy Yiuf hits you with a +3 quarterstaff of chaos.
Crazy Yiuf burns you. Magic courses through your body.
You start to feel a little slower.
Crazy Yiuf hits you with a +3 quarterstaff of chaos!
Crazy Yiuf freezes you.
* * * LOW HITPOINT WARNING * * *
You feel much better.
Crazy Yiuf hits you with a +3 quarterstaff of chaos!
You are poisoned.
Casting: Shock (safe; 4% risk of failure)
Confirm with . or Enter, or press ? or * to list all spells.
Aiming: Shock (safe; 4% risk of failure)
Press: ? - help, Shift-Dir - straight line, f/p - Crazy Yiuf
Aim: Crazy Yiuf, wielding a +3 quarterstaff of chaos and wearing a +0 cloak (heavily wounded, 72% to hit)
The zap hits Crazy Yiuf.
Crazy Yiuf is severely wounded.
You feel very sick.
Crazy Yiuf hits you with a +3 quarterstaff of chaos.
You are lethally poisoned!
Casting: Shock (safe; 4% risk of failure)
Confirm with . or Enter, or press ? or * to list all spells.
Aiming: Shock (safe; 4% risk of failure)
Press: ? - help, Shift-Dir - straight line, f/p - Crazy Yiuf
Aim: Crazy Yiuf, wielding a +3 quarterstaff of chaos and wearing a +0 cloak (severely wounded, 72% to hit)
The zap hits Crazy Yiuf.
Crazy Yiuf is almost dead.
* * * LOW HITPOINT WARNING * * *
You feel very sick.
Crazy Yiuf twirls on the spot.
Crazy Yiuf hits you with a +3 quarterstaff of chaos!
You die...

#
#.)#...(###....######.#
#.. ####.......# ##..##
#.# #.. ...#.......#
♣....♣ #.# #.#
##.#.......# ♣...♣♣ #.#
##.. ......#....# ♣♣.♣♣
#.# ###.#. .....##....#
♣.♣♣ ###.###.....
.#.#####.#.# ♣♣.♣
#.....#.##.# .#.# #.#.#
♣.♣♣ #.....#.###. .#.#
#.#.# ♣♣@♣ #.......####
.#.# #.#.# #g#
#.....#.....
...#####.#.# ...
#.....#.##.#
.........#.# #...#
######.>.#.#
.#.........# #..)#
#........ .###########
##### #.#...#.# †#
#.##.##.# .# ###
#.##.##.# .# #.#
#.##.##.#


You could see Crazy Yiuf.

Vanquished Creatures
  Jessica (D:3)
  Terence (D:3)
  3 gnolls (D:3)
  A dart slug (D:2)
  3 orcs (D:3)
  5 endoplasms
  3 giant cockroaches
  3 goblins
  5 hobgoblins
  4 jackals
  4 quokkas
  6 ball pythons
  6 bats
  2 frilled lizards
  2 kobolds (D:2)
  3 rats
52 creatures vanquished.

Notes
Turn   | Place    | Note
-------+----------+-------------------------------------------
     0 | D:1      | booth the Draconian Air Elementalist began the quest for
                  | the Orb.
     0 | D:1      | Reached XP level 1. HP: 14/14 MP: 3/3
   663 | D:1      | Reached XP level 2. HP: 20/20 MP: 3/5
   666 | D:1      | Learned a level 2 spell: Static Discharge
  1379 | D:2      | Found a faded altar of an unknown god.
  1637 | D:2      | Reached XP level 3. HP: 19/26 MP: 3/6
  2263 | D:3      | Learned a level 3 spell: Swiftness
  2295 | D:3      | Noticed Terence
  2419 | D:3      | Noticed Jessica
  2443 | D:3      | Killed Jessica
  2444 | D:3      | Reached XP level 4. HP: 12/33 MP: 0/8
  2662 | D:3      | Found a sacrificial altar of Ru.
  2820 | D:3      | Reached skill level 4 in Air Magic
  3335 | D:3      | Learned a level 1 spell: Sandblast
  3369 | D:3      | Killed Terence
  3370 | D:3      | Reached XP level 5. HP: 38/38 MP: 4/9
  3508 | D:3      | Found a runed translucent door.
  3509 | D:3      | Noticed Crazy Yiuf
  3522 | D:3      | Slain by Crazy Yiuf

Illustrated notes

Levels and vault maps discovered:
D:1:      matt_arrival_grand_opening, layout_basic
D:2:      layout_loops_cross, shapermc_ecumenical_altar_ellora
D:3:      layout_loops_ring, nicolae_ru_path_of_blood, hex_tiny,
          uniq_crazy_yiuf_cottage, uniq_jessica, uniq_terence

Skill      XL: |  1  2  3  4 |
---------------+-------------+-----
Stealth        | 2 |  2.4
Air Magic      | 4 |  4.1
Dodging        | 2 |  2.0
Conjurations   | 2 |  2.0
Maces & Flails | |  0.5
Spellcasting   | |  2.8
Ice Magic      | |  0.1

Action                   |  1- 3 |  4- 6 || total
-------------------------+-------+-------++-------
Melee: Unarmed           |    11 |       ||    11
       Dagger            |    31 |    19 ||    50
       Tailslap          |     2 |     1 ||     3
Throw: Dart              |     3 |     5 ||     8
       Javelin           |       |     3 ||     3
       Throwing net      |       |     2 ||     2
 Cast: Shock             |    76 |    23 ||    99
       Static Discharge  |     1 |       ||     1
       Swiftness         |       |     1 ||     1
       Sandblast         |       |     1 ||     1
  Use: Potion            |     4 |     2 ||     6
       Scroll            |     6 |     1 ||     7
Armor: Skin              |    20 |     9 ||    29
Dodge: Dodged            |    58 |    22 ||    80
       Repelled          |     1 |       ||     1
